 Dungeon Crawl Stone Soup version 0.29.1-12-g30fa7ad0bf (webtiles) character file.

Game seed: 7428862296886752890

38 concernfroge the Trooper (level 3, 0/17 HPs)
             Began as a Felid Transmuter on Jan 14, 2023.
             Succumbed to an adder's poison
             ... on level 3 of the Dungeon.
             The game lasted 00:05:46 (2085 turns).

concernfroge the Trooper (Felid Transmuter)         Turns: 2085, Time: 00:05:47

Health: 0/17       AC:  1    Str:  6    XL:     3   Next: 25%
Magic:  5/7        EV: 17    Int: 14    God:
Gold:   36         SH:  0    Dex: 18    Spells: 5/6 levels left
                                        Lives:  0   Deaths: 0

rFire   . . .      SeeInvis +     - Unarmed
rCold   . . .      Faith    .   (shield unavailable)
rNeg    . . .      Spirit   .   (body armour unavailable)
rPois   .          Reflect  .   (helmet unavailable)
rElec   .          Harm     .   (cloak unavailable)
rCorr   .          Rampage  .   (gloves unavailable)
Will    .....                   (boots unavailable)
Stlth   ++........              (no amulet)
HPRegen 0.05/turn               (no ring)
MPRegen 0.10/turn               (no ring)

@: lethally poisoned (0 -> -5), appendages, quick
A: horns 2, very small, claws 1, fangs 3, see invisible, speed 1, shaggy fur 1,
stealthy paws, no weapons or thrown items, no armour, multi-lived
a: End Transformation


You were on level 3 of the Dungeon.
You had temporarily grown beastly horns.
You visited 1 branch of the dungeon, and saw 3 of its levels.

You collected 66 gold pieces.
You spent 30 gold pieces at shops.

Inventory:

Jewellery
 b - a ring of wizardry
Potions
 a - a potion of attraction


   Skills:
 + Level 3.2 Fighting
 - Level 2.6 Dodging
 - Level 3.0 Unarmed Combat
 - Level 2.0 Spellcasting
 - Level 2.1 Transmutations


You had 5 spell levels left.
You knew the following spells:

 Your Spells              Type           Power      Damage    Failure   Level
a - Beastly Appendage     Tmut           14%        N/A       10%         1

Your spell library contained the following spells:

 Spells                   Type           Power      Damage    Failure   Level
 Wereblood                Tmut           7%         N/A       14%         2
 Spider Form              Tmut/Pois      4%         N/A       41%         3
 Ice Form                 Ice/Tmut       4%         N/A       83%         4


Dungeon Overview and Level Annotations

Branches:
Dungeon (3/15)

Altars:

Shops:
D:2 *


Innate Abilities, Weirdness & Mutations

You have temporarily grown beastly horns.
You have sharp claws.
You have razor-sharp teeth.
You have supernaturally acute eyesight. (SInv)
You cover ground quickly. (Speed+)
You are covered in fur. (AC +1)
Your paws help you pounce on unaware monsters.
You are incapable of wielding weapons or throwing items.
You cannot wear armour.
You gain extra lives every three experience levels.


Message History

There is a stone staircase leading up here.
You scratch the adder. You headbutt the adder.
The adder is moderately wounded.
The adder bites you.
You miss the adder. Your bite misses the adder.
The adder is moderately wounded.
The adder barely misses you.
You miss the adder.
The adder is moderately wounded.
Your horns disappear.
The adder misses you.
You miss the adder.
The adder is moderately wounded.
The adder misses you.
Casting: Beastly Appendage (safe; 10% risk of failure)
Confirm with . or Enter, or press ? or * to list all spells.
You grow a pair of large bovine horns.
The adder bites you. The adder closely misses you.
You closely miss the adder. You bite the adder.
The adder is heavily wounded.
The adder bites you.
You are poisoned.
The adder poisons you!
You scratch the adder.
The adder is almost dead.
You feel sick. The adder closely misses you.
You scratch the adder but do no damage.
The adder is almost dead.
You feel sick. The adder bites you.
* * * LOW HITPOINT WARNING * * *
You are lethally poisoned!
The adder poisons you!
You scratch the adder.
You kill the adder!
* * * LOW HITPOINT WARNING * * *
You feel sick.
Okay, then.
* * * LOW HITPOINT WARNING * * *
You feel sick.
You die...

##### ###.#.. .
.....#
....##.#.########
.........@.!.....
....##.#.###.##.#
.......#<###.#
...S...#†....#
..........####
.............#
...........#.#
......##.#<#.#
....## #.#)#..


There were no monsters in sight!

Vanquished Creatures
  An adder (D:3)
  4 bats (D:1)
  An endoplasm (D:1)
  2 giant cockroaches
  4 goblins (D:1)
  2 hobgoblins (D:1)
  5 ball pythons
  2 frilled lizards (D:1)
  6 kobolds
27 creatures vanquished.

Vanquished Creatures (others)
  A plant (D:2)
1 creature vanquished.

Grand Total: 28 creatures vanquished

Notes
Turn   | Place    | Note
-------+----------+-------------------------------------------
     0 | D:1      | concernfroge the Felid Transmuter began the quest for the
                  | Orb.
     0 | D:1      | Reached XP level 1. HP: 9/9 MP: 4/4
   303 | D:1      | Reached XP level 2. HP: 13/13 MP: 4/6
  1041 | D:1      | Found a faded altar of an unknown god.
  1161 | D:2      | Identified the +10 falchion of the Original Sin {elec, Fly
                  | rPois rF- MP+9}
  1479 | D:2      | Found Ubbayg's Assorted Antiques.
  1812 | D:2      | Bought a scroll labelled EHO RUUTHREFREH for 30 gold pieces
  1827 | D:2      | Noticed a phantom
  2069 | D:3      | Reached XP level 3. HP: 16/17 MP: 5/7
  2085 | D:3      | Succumbed to an adder's poison

Illustrated notes

Levels and vault maps discovered:
D:1:      lightli_iron_boxes, layout_rooms,
          hellmonk_ecumenical_altar_pennies_from_heaven
D:2:      layout_rooms, serial_shops, nicolae_shop_overgrown_old_shop
D:3:      minmay_door_path, layout_loops_ring,
          mainiacjoe_overflow_concentric_impassable, serial_bayou_ford_a,
          kennysheep_generic_room_2

Skill      XL: |  1  2 |
---------------+-------+-----
Fighting       | 2 3 |  3.2
Dodging        | |  2.6
Unarmed Combat | |  3.0
Spellcasting   | |  2.0
Transmutations | |  2.1

Action                   || total
-------------------------++-------
Melee: Unarmed           ||    81
       Headbutt          ||     8
       Bite              ||    11
 Cast: Beastly Appendage ||    17
  Use: Potion            ||     3
       Scroll            ||     2
Armor: Skin              ||     7
Dodge: Dodged            ||    57
